 Dungeon Crawl Stone Soup version 0.28.0 (webtiles) character file.

Game seed: 6618849760449787127

35 Morbidden the Skirmisher (level 3, 25/29 HPs)
             Began as a Demonspawn Fighter on Feb 14, 2022.
             Quit the game on level 1 of the Dungeon.
             The game lasted 00:01:16 (871 turns).

Morbidden the Skirmisher (Demonspawn Fighter)        Turns: 871, Time: 00:01:16

Health: 25/29      AC:  8    Str: 18    XL:     3   Next: 16%
Magic:  3/3        EV:  9    Int:  9    God:
Gold:   42         SH:  4    Dex: 12    Spells: 2/2 levels left

rFire   . . .      SeeInvis .   f - +2 dagger (freeze)
rCold   . . .      Faith    .   c - +0 buckler
rNeg    + . .      Spirit   .   b - +0 scale mail
rPois   .          Reflect  .   (no helmet)
rElec   .          Harm     .   (no cloak)
rCorr   .          Rampage  .   (no gloves)
Will    .....                   (no boots)
Stlth   ..........              (no amulet)
HPRegen 0.09/turn               e - ring of positive energy
MPRegen 0.08/turn               (no ring)

@: no status effects
A: slimy green scales 1, powered by death 1
a: no special abilities


You were on level 1 of the Dungeon.
You visited 1 branch of the dungeon, and saw 1 of its levels.

You collected 42 gold pieces.

Inventory:

Hand Weapons
 a - a +0 long sword
 f - a +2 dagger of freezing (weapon)
Missiles
 i - a throwing net (quivered)
Armour
 b - a +0 scale mail (worn)
 c - a +0 buckler (worn)
Jewellery
 e - a ring of positive energy (left hand)
Scrolls
 g - a scroll of identify {unknown}
Potions
 d - a potion of might
 h - 2 potions of curing {unknown}


   Skills:
 * Level 3.3 Fighting
 * Level 0.7(1.6) Short Blades
 * Level 2.2(2.3) Long Blades
 + Level 3.0 Armour
 + Level 2.8 Shields


You had 2 spell levels left.
You didn't know any spells.
Your spell library was empty.

Dungeon Overview and Level Annotations

Branches:
Dungeon (1/15)

Altars:


Innate Abilities, Weirdness & Mutations

You are partially covered in slimy green scales. (AC +2)
You regenerate a little health from kills.


Message History

Slimy green scales grow over part of your body.
You hit the ball python.
The ball python seems to slow down.
You freeze the ball python.
You kill the ball python!
The jackal barely misses you.
The jackal bites you but does no damage.
You block the jackal's attack.
You barely miss the jackal. You block the jackal's attack.
The jackal barely misses you. The jackal completely misses you.
You barely miss the jackal.
The jackal bites you but does no damage.
The jackal barely misses you. The jackal bites you.
You hit the dart slug. You freeze the dart slug.
The dart slug is heavily wounded.
The jackal bites you but does no damage.
The jackal barely misses you.
The dart slug bites you but does no damage.
You barely miss the dart slug.
The dart slug is heavily wounded.
The jackal bites you but does no damage. x2
The jackal closely misses you. The jackal barely misses you.
You hit the dart slug. You freeze the dart slug.
You kill the dart slug!
The jackal barely misses you.
The jackal bites you but does no damage.
You hit the jackal. You freeze the jackal.
You kill the jackal!
The jackal bites you but does no damage.
The jackal bites you.
You barely miss the jackal. The jackal closely misses you.
You hit the jackal. You freeze the jackal.
You kill the jackal!
No target in view!
No target in view!
No target in view!
No target in view!
No target in view!
No target in view!
No target in view!
Are you sure you want to abandon this character and quit the game? (Confirm with "yes".)

#.##.....P....
#.##....P≈P..(
#.##...P≈≈≈P..
.##..P≈≈≈≈≈P.
##.. ###
#.##.P≈≈≈≈≈≈≈P
.... #..
....#P≈≈≈≈≈≈≈≈≈
##.. #.# #.....#
#.#####.##†......
#........@†......
######.##†......
#.# #.....# #.#
#...##
##############.#
####
...............#
################


There were no monsters in sight!

Vanquished Creatures
  2 dart slugs (D:1)
  3 endoplasms (D:1)
  A giant cockroach (D:1)
  2 goblins (D:1)
  A hobgoblin (D:1)
  7 jackals (D:1)
  A quokka (D:1)
  3 ball pythons (D:1)
  2 bats (D:1)
  A frilled lizard (D:1)
  2 kobolds (D:1)
  3 rats (D:1)
28 creatures vanquished.

Vanquished Creatures (others)
  A plant (D:1)
1 creature vanquished.

Grand Total: 29 creatures vanquished

Notes
Turn   | Place    | Note
-------+----------+-------------------------------------------
     0 | D:1      | Morbidden the Demonspawn Fighter began the quest for the
                  | Orb.
     0 | D:1      | Reached XP level 1. HP: 18/18 MP: 1/1
   379 | D:1      | Gained mutation: You regenerate a little health from kills.
                  | [demonic ancestry]
   379 | D:1      | Reached XP level 2. HP: 22/24 MP: 2/2
   811 | D:1      | Found a faded altar of an unknown god.
   862 | D:1      | Gained mutation: You are partially covered in slimy green
                  | scales. (AC +2) [demonic ancestry]
   862 | D:1      | Reached XP level 3. HP: 27/29 MP: 3/3
   871 | D:1      | Quit the game

Illustrated notes

Levels and vault maps discovered:
D:1:      eino_arrival_druids_welcome, layout_loops_ring,
          hellmonk_ecumenical_altar_leap_of_faith, st_stairs_12,
          chequers_serial_rivers_micro_e

Skill      XL: |  1  2 |
---------------+-------+-----
Long Blades    | 2 |  2.2
Armour         | 3 |  3.0
Fighting       | |  3.3
Short Blades   | |  0.7
Shields        | |  2.8

Action                   || total
-------------------------++-------
Melee: Long sword        ||    16
       Dagger            ||    55
Armor: Scale mail        ||    43
Dodge: Dodged            ||    39
Block: Buckler           ||     8
